 Dungeon Crawl Stone Soup version 0.19.4-8-ga85b6b9 (webtiles) character file.

67 aeluma the Slasher (level 3, -1/29 HPs)
             Began as a Demonspawn Gladiator on Feb 8, 2017.
             Slain by Natasha (4 damage)
             ... on level 2 of the Dungeon.
             The game lasted 00:05:03 (1856 turns).

aeluma the Slasher (Demonspawn Gladiator)           Turns: 1856, Time: 00:05:04

Health: -1/29      AC:  5    Str: 16    XL:     3   Next: 98%
Magic:  3/3        EV: 12    Int:  9    God:
Gold:   69         SH:  0    Dex: 13    Spells: 0 memorised, 2 levels left

rFire  + . .     SeeInvis .     a - +0 long sword
rCold  + . .     Gourm    .     b - +0 leather armour
rNeg   . . .     Faith    .     (no shield)
rPois  +         Spirit   .     (helmet restricted)
rElec  +         Reflect  .     (no cloak)
rCorr  +         Harm     .     (no gloves)
MR     .....                    (no boots)
Stlth  +.........               (no amulet)
                                (no ring)
                                (no ring)

@: resistant
A: horns 1, slimy green scales 1
a: no special abilities


You were on level 2 of the Dungeon.
You were very hungry.

You visited 1 branch of the dungeon, and saw 2 of its levels.

You collected 69 gold pieces.

Inventory:

Hand Weapons
 a - a +0 long sword (weapon)
 p - a +1 dagger of speed
Missiles
 d - 3 throwing nets (quivered)
 j - 3 javelins
Armour
 b - a +0 leather armour (worn)
 c - a +0 helmet
Scrolls
 g - a scroll of teleportation
 h - a scroll of random uselessness {unknown}
 i - 4 scrolls of remove curse {unknown}
 n - 3 scrolls of identify {unknown}
 o - a scroll of immolation {unknown}
 r - a scroll of enchant weapon {unknown}
 s - a scroll of magic mapping {unknown}
Potions
 e - a potion of agility {unknown}
 l - a potion of resistance
 m - a potion of brilliance {unknown}
 q - a potion of heal wounds {unknown}
 u - a potion of curing {unknown}
Comestibles
 f - 2 bread rations
 k - 2 fruits
 t - a slice of pizza


   Skills:
 + Level 3.4 Fighting
 + Level 3.5 Long Blades
 - Level 1.7 Throwing
 - Level 2.6 Dodging


You had 2 spell levels left.
You didn't know any spells.

Dungeon Overview and Level Annotations

Branches:
Dungeon (2/15)

Altars:
Ru

Annotations:
D:2 1 runed door, Natasha, Sigmund


Innate Abilities, Weirdness & Mutations

You have a pair of small horns on your head.
You are partially covered in slimy green scales. (AC +2)


Message History

Natasha barely misses you. Natasha claws you.
You hit Natasha but do no damage.
Natasha is almost dead.
Natasha hisses.
Natasha casts a spell at you. The magic dart hits you!
* * * LOW HITPOINT WARNING * * *
Natasha claws you.
* * * LOW HITPOINT WARNING * * *
You hit Natasha but do no damage. Your headbutt misses Natasha.
Natasha is almost dead.
Natasha claws you.
* * * LOW HITPOINT WARNING * * *
Natasha mumbles some strange words.
You feel disoriented. Natasha barely misses you.
It was a potion of resistance.
You feel protected. Natasha claws you.
You die...

.#.#..######.#
<......## #.#
........# #.#
####...## #.#
##.## #.# #.#
#.##### #.#
#.....##### #'#
#####....!# .@.
#@###.# ..... #h#
....... 5l.
......... ...#.
+.........'
......#
#.........####...#
# ##... ####


You could see Natasha, a white imp and a frilled lizard.

Vanquished Creatures
  A gnoll (D:2)
  An adder (D:2)
  An ooze (D:1)
  A worm (D:2)
  A dart slug (D:1)
  A leopard gecko (D:1)
  9 bats
  4 goblins
  4 hobgoblins
  4 kobolds
  2 quokkas (D:2)
  4 frilled lizards
  7 rats
40 creatures vanquished.

Notes
Turn   | Place    | Note
-------+----------+-------------------------------------------
     0 | D:1      | aeluma the Demonspawn Gladiator began the quest for the Orb.
     0 | D:1      | Reached XP level 1. HP: 16/16 MP: 1/1
   179 | D:1      | Gained mutation: You are partially covered in slimy green scales. (AC +2) [demonic ancestry]
   179 | D:1      | Reached XP level 2. HP: 21/23 MP: 2/2
   844 | D:1      | Gained mutation: You have a pair of small horns on your head. [demonic ancestry]
   844 | D:1      | Reached XP level 3. HP: 26/28 MP: 3/3
  1200 | D:2      | Found a runed door.
  1439 | D:2      | Noticed Sigmund
  1443 | D:2      | Found a sacrificial altar of Ru.
  1845 | D:2      | Noticed Natasha
  1856 | D:2      | Slain by Natasha

Skill      XL: |  1  2  3 |
---------------+----------+-----
Long Blades    | 3 |  3.5
Fighting       | 3 |  3.4
Throwing       | |  1.7
Dodging        | |  2.6

Action                   || total
-------------------------++-------
Melee: Long sword        ||   114
       Headbutt          ||     9
  Use: Scroll            ||     1
       Potion            ||     1
 Stab: Sleeping          ||     3
  Eat: Chunk             ||     2
Armor: Leather armour    ||    53
Dodge: Dodged            ||    97
       Rpst.: Long sword ||    23
